Map: 얼어붙은 사원

Players

llllllllllll - Winner!

  • Race: Terran Terran
  • League: Grandmaster

llllllllllll (Scarlett)

  • Race: Zerg Zerg
  • League: Grandmaster

VOD

Have the link to the VOD?

Description

Time

  • Played on: April 13, 2016, 2:08 a.m.
  • Length: 10:53
Show
View Real Time Build Order
Export as new Build Order

llllllllllll Terran - Winner!

Build Orders: Reaper Expand, MMM Bio 

Get SALT Encoding   

  12  0:00  SCV  
  13  0:12  SCV  
  14  0:18  Supply Depot  
  14  0:24  SCV  
  15  0:40  SCV  
  15  0:41  Barracks  
  16  0:43  Refinery  
  16  0:52  SCV  
  17  1:04  SCV  
  18  1:16  SCV  
  19  1:28  Reaper, Orbital Command  
  20  1:38  Command Center  
  20  1:48  Supply Depot  
  20  1:53  SCV  
  21  2:00  Marine  
  22  2:05  SCV  
  23  2:12  Factory  
  23  2:17  SCV  
  23  2:19  Refinery  
  23  2:22  Barracks Reactor  
  24  2:29  SCV  
  25  2:42  SCV  
  25  2:54  SCV  
  25  2:58  Marine x2, Starport, Factory Tech Lab  
  28  3:06  SCV  
  28  3:12  Orbital Command  
  29  3:18  Marine x2, SCV  
  32  3:23  Siege Tank  
  35  3:30  SCV  
  33  3:35  Marine  
  33  3:36  Marine  
  33  3:40  SCV  
  36  3:43  Supply Depot  
  36  3:45  SCV  
  36  3:50  Medivac  
  36  3:52  SCV  
  36  3:53  Marine x2  
  40  4:02  SCV  
  40  4:05  SCV  
  40  4:06  Siege Tank  
  42  4:12  Marine x2  
  42  4:15  SCV  
  42  4:16  Supply Depot  
  46  4:17  SCV  
  46  4:22  Viking  
  48  4:29  Command Center  
  48  4:30  SCV  
  51  4:32  SCV  
  52  4:42  SCV  
  52  4:44  Marine, SCV  
  52  4:45  Stimpack  
  53  4:48  Barracks, Factory Reactor  
  53  4:53  Starport Reactor, Barracks  
  53  4:54  SCV  
  53  4:56  SCV  
  55  5:06  SCV  
  56  5:08  SCV, Supply Depot  
  56  5:11  Engineering Bay x2  
  56  5:14  Refinery x2  
  57  5:18  Marine  
  57  5:20  SCV x2  
  60  5:32  SCV  
  60  5:35  SCV  
  62  5:36  Marine  
  62  5:38  Supply Depot, Terran Infantry Armor Level 1, Terran Infantry Weapons Level 1  
  62  5:40  Factory Tech Lab  
  62  5:41  Orbital Command  
  63  5:44  SCV  
  64  5:53  SCV  
  64  5:55  Marine x2  
  64  5:56  Marine, SCV  
  60  5:57  Medivac x2  
  60  6:01  Supply Depot  
  60  6:02  Marine x2  
  66  6:10  Barracks  
  66  6:12  Barracks  
  66  6:15  SCV x2  
  66  6:16  Marine x3  
  71  6:21  Marine  
  71  6:22  Orbital Command  
  72  6:25  Bunker  
  72  6:27  SCV x2, Siege Tank  
  72  6:31  Marine  
  78  6:34  Marine  
  78  6:39  SCV x2, Supply Depot  
  81  6:40  Marine x2  
  81  6:41  Marine  
  84  6:48  SCV  
  84  6:49  Combat Shields  
  84  6:50  Marine  
  84  6:51  SCV x2  
  88  6:59  Siege Tank  
  88  7:00  SCV  
  92  7:02  Barracks Reactor x2  
  92  7:03  Marine x2, SCV  
  92  7:07  Liberator x2  
  92  7:08  Supply Depot  
  95  7:10  SCV, Supply Depot  
  95  7:12  SCV  
  95  7:15  SCV  
  98  7:16  Marine x2  
  98  7:17  Marine, Supply Depot  
  101  7:23  Armory  
  101  7:26  SCV x2  
  101  7:29  SCV  
  110  7:33  Marine x2  
  110  7:34  Marine  
  110  7:35  Siege Tank  
  116  7:38  SCV  
  116  7:40  Bunker  
  116  7:41  Refinery x2  
  116  7:42  Supply Depot  
  117  7:44  Marine x2  
  117  7:45  Marine x4  
  117  7:48  Supply Depot  
  117  7:50  Supply Depot, Liberator x2  
  117  7:51  Marine  
  123  7:58  Marine x2  
  123  8:02  Marine x2  
  127  8:06  Supply Depot  
  127  8:08  SCV x2  
  135  8:20  Terran Infantry Weapons Level 2, Terran Infantry Armor Level 2  
  135  8:22  Marine x6  
  141  8:28  Marine x3  
  138  8:40  Marine x6  
  137  8:41  Siege Tank  
  137  8:46  Marine x3  
  143  8:49  Liberator  
  143  8:50  Liberator  
  143  8:58  Marine x6  
  134  9:04  Marine x3  
  141  9:16  Marine x6  
  128  9:21  Marine x2  
  128  9:22  Marauder  
  126  9:33  Marine x2  
  126  9:34  Marine x4  
  127  9:39  Marine x2  
  127  9:43  Marine  
  130  9:48  Siege Tank  
  130  9:50  Medivac x2  
  130  9:51  Marine x4  
  130  9:52  Marine x2  
  135  9:57  Marine x2  
  128  10:01  Marine  
  125  10:09  Marine x6  
  131  10:15  Marine x2  
  131  10:17  Command Center  
  131  10:19  Marine  
  131  10:27  Marine x6  
  128  10:33  Marine  
  128  10:34  Marine  
Show
View Real Time Build Order
Export as new Build Order

llllllllllll Zerg 

Build Orders: Pool First, Muta Ling Bane 

Get SALT Encoding   

  12  0:01  Drone  
  13  0:08  Drone  
  14  0:17  Overlord  
  14  0:22  Extractor  
  14  0:23  Drone  
  15  0:37  Drone x2  
  17  0:45  Spawning Pool  
  17  0:48  Drone  
  17  0:55  Drone  
  18  1:00  Extractor  
  17  1:06  Drone  
  18  1:18  Hatchery  
  17  1:31  Zergling x2  
  17  1:32  Zergling x2, Queen  
  19  1:39  Drone  
  22  1:48  Overlord  
  22  2:00  Metabolic Boost  
  22  2:07  Drone  
  22  2:08  Queen  
  25  2:21  Drone x2  
  27  2:33  Drone  
  27  2:34  Drone  
  29  2:41  Zergling x8  
  32  2:46  Queen  
  32  2:48  Zergling x2  
  34  2:56  Drone x2  
  34  2:57  Pneumatized Carapace  
  36  3:17  Overlord  
  36  3:18  Overlord  
  36  3:21  Overlord  
  35  3:37  Drone x6  
  41  3:45  Drone  
  42  3:50  Drone  
  42  3:51  Drone x3  
  42  3:53  Drone  
  47  4:02  Hatchery  
  43  4:03  Drone  
  43  4:04  Drone x3  
  46  4:13  Queen  
  46  4:14  Extractor x2, Queen  
  48  4:22  Evolution Chamber  
  48  4:23  Evolution Chamber, Drone  
  48  4:24  Drone x4  
  51  4:29  Overlord  
  51  4:36  Zergling x2  
  52  4:45  Overlord  
  52  4:46  Drone x5  
  52  4:49  Zerg Melee Weapons Level 1  
  57  4:56  Overlord  
  57  4:58  Zergling x8  
  61  5:07  Lair  
  61  5:09  Extractor  
  61  5:10  Baneling Nest  
  61  5:12  Zergling x2  
  61  5:13  Zergling x6  
  63  5:15  Overlord  
  63  5:22  Zergling x6  
  66  5:33  Queen  
  66  5:34  Drone x5  
  73  5:41  Drone x4  
  73  5:42  Drone  
  77  6:00  Drone x5  
  82  6:08  Drone x2, Overlord  
  82  6:09  Drone x2  
  82  6:10  Hatchery  
  85  6:12  Zerg Ground Armor Level 1  
  84  6:19  Spire  
  84  6:21  Centrifical Hooks  
  83  6:27  Drone x6  
  89  6:36  Overlord  
  89  6:37  Overlord  
  89  6:40  Extractor  
  89  6:41  Drone x2, Extractor  
  89  6:42  Drone  
  89  6:47  Hatchery  
  89  6:53  Zerg Melee Weapons Level 2  
  88  6:55  Drone x7  
  95  7:01  Infestation Pit  
  95  7:02  Drone  
  95  7:03  Drone x3  
  98  7:09  Drone  
  98  7:10  Drone x5  
  98  7:15  Extractor x2  
  102  7:23  Zergling x14  
  102  7:24  Baneling x7  
  109  7:32  Overseer x2  
  109  7:33  Mutalisk  
  109  7:35  Overlord  
  109  7:36  Overlord x2  
  111  7:44  Overlord  
  111  7:45  Overlord x2  
  111  7:52  Hive  
  111  7:53  Zerg Flyer Weapons Level 1  
  111  7:54  Mutalisk x4  
  119  8:00  Zergling x14  
  125  8:05  Baneling  
  125  8:06  Baneling x11  
  125  8:11  Zergling x6  
  125  8:12  Zergling x4  
  130  8:16  Mutalisk x2  
  130  8:18  Zergling x2  
  130  8:19  Zergling x6  
  138  8:23  Zergling x10  
  131  8:37  Zergling x18  
  131  8:38  Zergling x8  
  134  8:42  Baneling x5  
  134  8:46  Baneling  
  134  8:50  Zergling x16  
  134  8:53  Baneling x4  
  124  9:06  Zergling x16  
  124  9:08  Queen  
  117  9:14  Zergling x8  
  113  9:20  Corruptor x5  
  110  9:35  Corruptor  
  108  9:41  Corruptor  
  108  9:45  Baneling x2  
  108  9:50  Zergling x14  
  108  9:51  Zergling x4  
  104  10:03  Zergling x14  
  104  10:05  Zergling x2  
  107  10:10  Zergling x2  
  107  10:11  Zergling x2  
  109  10:21  Zergling x10  
  112  10:26  Zergling x4  
  112  10:27  Zergling x4  
Tags
 
Add a new tag
Caveats
  • Supply blocks, unpowered buildings, or Contaminate may cause inaccurate times.
  • Supply counts are checked every 10 seconds.